| TOP OF THE 1ST |
|
Iowa Cubs batting - Pitching for El Paso Chihuahuas : LHP Ryan Tatum
|
|
Pitching: LHP Ryan Tatum
|
|
|
Batting: RHB Frank Caulfield
|
0-0: Ball 1-0: Ground out 6-3 (Groundball, 6, EV 98.1 MPH)
|
|
Batting: RHB Brian Gargis
|
0-0: Ball 1-0: Called Strike 1-1: Ball 2-1: Swinging Strike 2-2: Strikes out looking
|
|
Batting: RHB Ryan Walker
|
0-0: Called Strike 0-1: Ball 1-1: Ball 2-1: Swinging Strike 2-2: Fly out, F8 (Flyball, 8RD, EV 101.9 MPH)
|
| Top of the 1st over - 0 runs, 0 hits, 0 errors, 0 left on base; Iowa 0 - El Paso 0 |
| BOTTOM OF THE 1ST |
|
El Paso Chihuahuas batting - Pitching for Iowa Cubs : RHP Ryohei Uda
|
|
Pitching: RHP Ryohei Uda
|
|
|
Batting: RHB Robby Godwin
|
0-0: Ball 1-0: Called Strike 1-1: Ground out 5-3 (Groundball, 56, EV 89.4 MPH)
|
|
Batting: RHB Andy Sheridan
|
0-0: Called Strike 0-1: Ball 1-1: SINGLE (Groundball, 6, EV 98.1 MPH)
|
|
Batting: RHB Mike Hayward
|
0-0: Fielders Choice at 2nd, 6-4 (Groundball, 6, EV 79.4 MPH)
|
|
Batting: RHB Jeff Brower
|
0-0: Called Strike 0-1: Ball 1-1: Called Strike 1-2: Ball 2-2: Strikes out swinging
|
| Bottom of the 1st over - 0 runs, 1 hit, 0 errors, 1 left on base; Iowa 0 - El Paso 0 |
| TOP OF THE 2ND |
|
Iowa Cubs batting - Pitching for El Paso Chihuahuas : LHP Ryan Tatum
|
|
Batting: LHB Wing-tat Tai
|
0-0: Ground out 6-3 (Groundball, 6, EV 96.9 MPH)
|
|
Batting: LHB Mark Ingram
|
0-0: Called Strike 0-1: Ball 1-1: Called Strike 1-2: Ground out 6-3 (Groundball, 4, EV 88.1 MPH)
|
|
Batting: RHB Brad Santanello
|
0-0: Ball 1-0: Ground out 4-3 (Groundball, 4, EV 88.8 MPH)
|
| Top of the 2nd over - 0 runs, 0 hits, 0 errors, 0 left on base; Iowa 0 - El Paso 0 |
| BOTTOM OF THE 2ND |
|
El Paso Chihuahuas batting - Pitching for Iowa Cubs : RHP Ryohei Uda
|
|
Batting: LHB Hugo MacBeth
|
0-0: Called Strike 0-1: SINGLE (Groundball, 6MD, EV 94.4 MPH)
|
|
Batting: SHB Adam Martin
|
0-0: Ball 1-0: SINGLE (Groundball, 4MD, EV 88.1 MPH) (infield hit) Hugo MacBeth to second
|
|
Batting: LHB Carlos Cuellar
|
0-0: Ball 1-0: Fielders Choice at 2nd, 6-4 (Groundball, 6, EV 102.5 MPH) Hugo MacBeth to third
|
|
Batting: RHB Dave Cluster
|
0-0: Ball 1-0: Ball 2-0: Called Strike 2-1: Ball 3-1: Called Strike 3-2: Base on Balls Carlos Cuellar to second
|
|
Batting: SHB Harrison McLaughlin
|
0-0: Called Strike 0-1: Ball 1-1: Fly out, F6 (Popup, P, EV 81.9 MPH)
|
|
Batting: RHB Robby Godwin
|
0-0: SINGLE (Line Drive, 6MD, EV 95.0 MPH) Hugo MacBeth scores Carlos Cuellar to third Dave Cluster to second
|
|
Batting: RHB Andy Sheridan
|
0-0: Ball 1-0: Foul Ball, location: 2F 1-1: Ball 2-1: Ball 3-1: Called Strike 3-2: Strikes out swinging
|
| Bottom of the 2nd over - 1 run, 3 hits, 0 errors, 3 left on base; Iowa 0 - El Paso 1 |
| TOP OF THE 3RD |
|
Iowa Cubs batting - Pitching for El Paso Chihuahuas : LHP Ryan Tatum
|
|
Batting: SHB Karl Starnes
|
0-0: Called Strike 0-1: Fly out, F9 (Flyball, 9, EV 92.5 MPH)
|
|
Batting: RHB Tim Long
|
0-0: Swinging Strike 0-1: Ball 1-1: Ball 2-1: Called Strike 2-2: Foul Ball, location: 2F 2-2: Foul Ball, location: 2F 2-2: Ball 3-2: Base on Balls
|
|
Batting: RHB Khalil Stephens
|
0-0: Ball 1-0: Called Strike 1-1: Ball 2-1: Called Strike 2-2: Ball 3-2: Fly out, F6 (Line Drive, 6, EV 75.0 MPH) Lined into DP, 6-3 (Line Drive, 6, EV 70.6 MPH)
|
| Top of the 3rd over - 0 runs, 0 hits, 0 errors, 0 left on base; Iowa 0 - El Paso 1 |
| BOTTOM OF THE 3RD |
|
El Paso Chihuahuas batting - Pitching for Iowa Cubs : RHP Ryohei Uda
|
|
Batting: RHB Mike Hayward
|
0-0: SINGLE (Groundball, 6MS, EV 83.8 MPH) (infield hit)
|
|
Batting: RHB Jeff Brower
|
0-0: Called Strike Mike Hayward steals 2nd base 0-1: Ball 1-1: Ball 2-1: Foul Ball, location: 2F 2-2: Ball 3-2: Base on Balls
|
|
Batting: LHB Hugo MacBeth
|
0-0: 3-RUN HOME RUN (Flyball, 7D, EV 97.5 MPH), Distance : 379 ft
|
|
Batting: SHB Adam Martin
|
0-0: Ball 1-0: Fly out, F8 (Flyball, 89S, EV 80.0 MPH)
|
|
Batting: LHB Carlos Cuellar
|
0-0: Called Strike 0-1: Ball 1-1: Ball 2-1: Fly out, F7 (Flyball, 78M, EV 99.4 MPH)
|
|
Batting: RHB Dave Cluster
|
0-0: Ball 1-0: Ball 2-0: Foul Ball, location: 2F 2-1: SINGLE (Flyball, 7LS, EV 93.1 MPH)
|
|
Batting: SHB Harrison McLaughlin
|
0-0: Ball 1-0: Ball 2-0: Called Strike 2-1: SINGLE (Line Drive, 8LS, EV 110.6 MPH) Dave Cluster to second
|
|
Batting: RHB Robby Godwin
|
0-0: Called Strike 0-1: Swinging Strike 0-2: Fly out, F8 (Line Drive, 8LD, EV 94.4 MPH)
|
| Bottom of the 3rd over - 3 runs, 4 hits, 0 errors, 2 left on base; Iowa 0 - El Paso 4 |
| TOP OF THE 4TH |
|
Iowa Cubs batting - Pitching for El Paso Chihuahuas : LHP Ryan Tatum
|
|
Batting: RHB Frank Caulfield
|
0-0: Called Strike 0-1: SINGLE (Groundball, 34D, EV 96.2 MPH)
|
|
Batting: RHB Brian Gargis
|
0-0: Ball 1-0: Ball Frank Caulfield steals 2nd base 2-0: Foul Ball, location: 2F 2-1: Ground out 4-3 (Groundball, 4, EV 86.2 MPH) Frank Caulfield to third
|
|
Batting: RHB Ryan Walker
|
0-0: Called Strike 0-1: Swinging Strike 0-2: Ball 1-2: Foul Ball, location: 2F 1-2: Ground out 4-3 (Groundball, 4M, EV 103.8 MPH) Frank Caulfield scores
|
|
Batting: LHB Wing-tat Tai
|
0-0: Called Strike 0-1: Foul Ball, location: 2F 0-2: Foul Ball, location: 2F 0-2: Foul Ball, location: 2F 0-2: Ground out 4-3 (Groundball, 34, EV 103.1 MPH)
|
| Top of the 4th over - 1 run, 1 hit, 0 errors, 0 left on base; Iowa 1 - El Paso 4 |
| BOTTOM OF THE 4TH |
|
El Paso Chihuahuas batting - Pitching for Iowa Cubs : RHP Ryohei Uda
|
|
Batting: RHB Andy Sheridan
|
0-0: Ball 1-0: Ball 2-0: Ball 3-0: Called Strike 3-1: Base on Balls
|
|
Batting: RHB Mike Hayward
|
0-0: Fly out, F7 (Flyball, 7, EV 85.0 MPH)
|
|
Batting: RHB Jeff Brower
|
0-0: Called Strike 0-1: Grounds into double play, 3-6-1 (Groundball, 23, EV 85.6 MPH)
|
| Bottom of the 4th over - 0 runs, 0 hits, 0 errors, 0 left on base; Iowa 1 - El Paso 4 |
| TOP OF THE 5TH |
|
Iowa Cubs batting - Pitching for El Paso Chihuahuas : LHP Ryan Tatum
|
|
Batting: LHB Mark Ingram
|
0-0: Ball 1-0: SINGLE (Groundball, 4D, EV 95.6 MPH)
|
|
Batting: RHB Brad Santanello
|
0-0: Fielders Choice at 2nd, 3-6 (Groundball, 3, EV 85.6 MPH)
|
|
Batting: SHB Karl Starnes
|
0-0: Ball 1-0: Called Strike 1-1: Foul Ball, location: 2F 1-2: Ball 2-2: Foul Ball, location: 2F 2-2: Fielders Choice at 2nd, 5-4 (Groundball, 56S, EV 92.5 MPH)
|
|
Batting: RHB Tim Long
|
0-0: Ball 1-0: Called Strike 1-1: Foul Ball, location: 2F 1-2: Ball 2-2: Ball 3-2: Fly out, F8 (Flyball, 8RD, EV 96.2 MPH)
|
| Top of the 5th over - 0 runs, 1 hit, 0 errors, 1 left on base; Iowa 1 - El Paso 4 |
| BOTTOM OF THE 5TH |
|
El Paso Chihuahuas batting - Pitching for Iowa Cubs : RHP Ryohei Uda
|
|
Batting: LHB Hugo MacBeth
|
0-0: Ball 1-0: Ball 2-0: Ball 3-0: Called Strike 3-1: Base on Balls
|
|
Batting: SHB Adam Martin
|
0-0: Ball 1-0: Ball 2-0: Ball 3-0: Called Strike 3-1: 2-RUN HOME RUN (Flyball, 8RXD, EV 115.6 MPH), Distance : 440 ft
|
|
Pitching: LHP Tom Mooney
|
|
|
Batting: LHB Carlos Cuellar
|
0-0: Swinging Strike 0-1: Called Strike 0-2: Ball 1-2: Foul Ball, location: 2F 1-2: Ball 2-2: Fly out, F6 (Line Drive, 6, EV 71.9 MPH)
|
|
Batting: RHB Dave Cluster
|
0-0: Called Strike 0-1: Foul Ball, location: 2F 0-2: SINGLE (Groundball, 6MD, EV 95.6 MPH)
|
|
Batting: SHB Harrison McLaughlin
|
0-0: Ball 1-0: Ball 2-0: Ball 3-0: Called Strike 3-1: Base on Balls Dave Cluster to second
|
|
Batting: RHB Robby Godwin
|
0-0: Ball 1-0: Ground out 3-1 (Groundball, 34S, EV 81.2 MPH) Dave Cluster to third Harrison McLaughlin to second
|
|
Batting: RHB Andy Sheridan
|
0-0: Ball 1-0: Called Strike 1-1: Foul Ball, location: 2F 1-2: DOUBLE (Groundball, 5L, EV 105.6 MPH) Dave Cluster scores Harrison McLaughlin scores
|
|
Batting: RHB Mike Hayward
|
0-0: Ball 1-0: Fly out, F9 (Flyball, 89M, EV 91.2 MPH)
|
| Bottom of the 5th over - 4 runs, 3 hits, 0 errors, 1 left on base; Iowa 1 - El Paso 8 |
| TOP OF THE 6TH |
|
Iowa Cubs batting - Pitching for El Paso Chihuahuas : LHP Ryan Tatum
|
|
Batting: RHB Khalil Stephens
|
0-0: Ball 1-0: Foul Ball, location: 2F 1-1: Ball 2-1: Foul Ball, location: 2F 2-2: Ball 3-2: Ground out 1-3 (Groundball, 15S, EV 68.8 MPH)
|
|
Batting: RHB Frank Caulfield
|
0-0: Ball 1-0: Called Strike 1-1: Ball 2-1: Fly out, F9 (Flyball, 89S, EV 95.0 MPH)
|
|
Batting: RHB Brian Gargis
|
0-0: Called Strike 0-1: Foul Ball, location: 2F 0-2: Foul Ball, location: 2F 0-2: Foul Ball, location: 2F 0-2: Ball 1-2: Ball 2-2: Ball 3-2: Foul Ball, location: 2F 3-2: Base on Balls
|
|
Batting: RHB Ryan Walker
|
0-0: Foul Ball, location: 2F 0-1: Foul Ball, location: 2F 0-2: Foul Ball, location: 2F 0-2: Ball Brian Gargis steals 2nd base (no throw) 1-2: Ball 2-2: Ball 3-2: Ground out 5-3 (Groundball, 56S, EV 80.0 MPH)
|
| Top of the 6th over - 0 runs, 0 hits, 0 errors, 1 left on base; Iowa 1 - El Paso 8 |
| BOTTOM OF THE 6TH |
|
El Paso Chihuahuas batting - Pitching for Iowa Cubs : LHP Tom Mooney
|
|
Batting: RHB Jeff Brower
|
0-0: Ball 1-0: Ground out 4-3 (Groundball, 34, EV 102.5 MPH)
|
|
Batting: LHB Hugo MacBeth
|
0-0: Ball 1-0: Ball 2-0: Swinging Strike 2-1: Ball 3-1: Ground out 6-3 (Groundball, 6M, EV 83.1 MPH)
|
|
Batting: SHB Adam Martin
|
0-0: Ball 1-0: Foul Ball, location: 2F 1-1: SINGLE (Line Drive, 8RS, EV 103.8 MPH)
|
|
Batting: LHB Carlos Cuellar
|
0-0: Called Strike 0-1: Swinging Strike 0-2: SINGLE (Groundball, 6MD, EV 96.9 MPH) Adam Martin to second
|
|
Batting: RHB Dave Cluster
|
0-0: Ball 1-0: Fly out, F3 (Line Drive, 34, EV 68.1 MPH)
|
| Bottom of the 6th over - 0 runs, 2 hits, 0 errors, 2 left on base; Iowa 1 - El Paso 8 |
| TOP OF THE 7TH |
|
Iowa Cubs batting - Pitching for El Paso Chihuahuas : LHP Ryan Tatum
|
|
Batting: LHB Wing-tat Tai
|
0-0: Ball 1-0: Foul Ball, location: 2F 1-1: Swinging Strike 1-2: Ball 2-2: SINGLE (Line Drive, 78M, EV 101.2 MPH)
|
|
Batting: LHB Mark Ingram
|
0-0: Ball 1-0: Grounds out, U3 (Groundball, 3L, EV 101.2 MPH)
|
|
Batting: RHB Brad Santanello
|
0-0: Swinging Strike 0-1: Ball 1-1: Ground out 5-3 (Groundball, 5D, EV 95.6 MPH)
|
|
Pitching: RHP Frank Diaz
|
|
|
Batting: SHB Karl Starnes
|
0-0: Called Strike 0-1: Foul Ball, location: 2F 0-2: Strikes out swinging
|
| Top of the 7th over - 0 runs, 1 hit, 0 errors, 1 left on base; Iowa 1 - El Paso 8 |
| BOTTOM OF THE 7TH |
|
El Paso Chihuahuas batting - Pitching for Iowa Cubs : LHP Tom Mooney
|
|
Batting: SHB Harrison McLaughlin
|
0-0: Swinging Strike 0-1: Ball 1-1: Called Strike 1-2: Ground out 4-3 (Groundball, 4, EV 100.6 MPH)
|
|
Batting: RHB Robby Godwin
|
0-0: Called Strike 0-1: Foul Ball, location: 2F 0-2: Ground out 6-3 (Groundball, 6M, EV 83.8 MPH)
|
|
Batting: RHB Andy Sheridan
|
0-0: Fly out, F7 (Flyball, 7, EV 88.1 MPH)
|
| Bottom of the 7th over - 0 runs, 0 hits, 0 errors, 0 left on base; Iowa 1 - El Paso 8 |
| TOP OF THE 8TH |
|
Iowa Cubs batting - Pitching for El Paso Chihuahuas : RHP Frank Diaz
|
|
Batting: RHB Tim Long
|
0-0: Ball 1-0: Swinging Strike 1-1: Called Strike 1-2: Ball 2-2: Ball 3-2: Fly out, F7 (Flyball, 7S, EV 90.0 MPH)
|
|
Batting: RHB Khalil Stephens
|
0-0: Called Strike 0-1: Swinging Strike 0-2: Ball 1-2: Ball 2-2: Ground out 5-3 (Groundball, 5L, EV 90.6 MPH)
|
|
Batting: RHB Frank Caulfield
|
0-0: Swinging Strike 0-1: Ball 1-1: Swinging Strike 1-2: Ball 2-2: Ball 3-2: Strikes out looking
|
| Top of the 8th over - 0 runs, 0 hits, 0 errors, 0 left on base; Iowa 1 - El Paso 8 |
| BOTTOM OF THE 8TH |
|
El Paso Chihuahuas batting - Pitching for Iowa Cubs : LHP Tom Mooney
|
|
Batting: RHB Mike Hayward
|
0-0: Called Strike 0-1: Swinging Strike 0-2: Strikes out swinging
|
|
Pinch Hitting: LHB Robin More
|
0-0: Ball 1-0: Ball 2-0: Ball 3-0: Called Strike 3-1: SINGLE (Groundball, 34D, EV 94.4 MPH)
|
|
Pitching: RHP Nikita Eliseenko
|
|
|
Batting: LHB Hugo MacBeth
|
0-0: Called Strike 0-1: Ball 1-1: Fielders Choice at 2nd, 5-4 (Groundball, 56S, EV 90.0 MPH)
|
|
Pinch Hitting: RHB Danny Bunn
|
0-0: Called Strike 0-1: Called Strike 0-2: Ball 1-2: Ball 2-2: 2-RUN HOME RUN (Flyball, 7D, EV 96.9 MPH), Distance : 388 ft
|
|
Batting: LHB Carlos Cuellar
|
0-0: Swinging Strike 0-1: Ball 1-1: Fly out, F9 (Flyball, 89XD, EV 91.9 MPH)
|
| Bottom of the 8th over - 2 runs, 2 hits, 0 errors, 0 left on base; Iowa 1 - El Paso 10 |
| TOP OF THE 9TH |
|
Iowa Cubs batting - Pitching for El Paso Chihuahuas : RHP Frank Diaz
|
|
Now at 1B: Robin More
|
|
|
Now in LF: Carlos Cuellar
|
|
|
Now in RF: Danny Bunn
|
|
|
Batting: RHB Brian Gargis
|
0-0: Ball 1-0: Ball 2-0: Foul Ball, location: 2F 2-1: Foul Ball, location: 2F 2-2: Hit by Pitch
|
|
Batting: RHB Ryan Walker
|
0-0: Foul Ball, location: 2F 0-1: Grounds into double play, 4-6-3 (Groundball, 4, EV 105.6 MPH)
|
|
Batting: LHB Wing-tat Tai
|
0-0: Called Strike 0-1: Ball 1-1: Ball 2-1: Ball 3-1: Called Strike 3-2: Base on Balls
|
|
Batting: LHB Mark Ingram
|
0-0: Ball 1-0: Ball 2-0: Called Strike 2-1: Ball 3-1: Fly out, F7 (Flyball, 7, EV 87.5 MPH)
|
| Top of the 9th over - 0 runs, 0 hits, 0 errors, 1 left on base; Iowa 1 - El Paso 10 |
|